 Dungeon Crawl Stone Soup version 0.28-a0-60-g54b5640690 (webtiles) character file.

Game seed: 12365697813055906298

1179 quinnr the Firebug (level 8, -1/44 HPs)
             Began as a Tengu Fire Elementalist on July 30, 2021.
             Was a Follower of Sif Muna.
             Slain by a killer bee (8 damage)
             ... on level 8 of the Dungeon.
             The game lasted 00:13:03 (8001 turns).

quinnr the Firebug (Tengu Fire Elementalist)        Turns: 8001, Time: 00:13:04

Health: -1/44      AC:  2    Str:  9    XL:     8   Next: 42%
Magic:  15/15      EV: 15    Int: 18    God:    Sif Muna [*.....]
Gold:   166        SH:  0    Dex: 14    Spells: 6/15 levels left

rFire   . . .      SeeInvis .   s - +4 dagger
rCold   . . .      Faith    .   (no shield)
rNeg    . . .      Spirit   .   a - +0 robe
rPois   .          Reflect  .   (helmet restricted)
rElec   .          Harm     .   (no cloak)
rCorr   .          Rampage  .   (no gloves)
Will    .....                   (boots unavailable)
Stlth   ++........              (no amulet)
HPRegen 0.14/turn               (no ring)
MPRegen 0.14/turn               (no ring)

@: weak-willed, flying quickly and evasively, very slightly contaminated,
invisible, quick
A: beak, talons 3, nimble flight
a: Renounce Religion, Channel Magic


You were on level 8 of the Dungeon.
You worshipped Sif Muna.
Sif Muna was aware of your devotion.
You visited 1 branch of the dungeon, and saw 6 of its levels.

You collected 166 gold pieces.

Inventory:

Hand Weapons
 s - a +4 dagger (weapon)
Missiles
 t - 4 poisoned darts
 u - 6 atropa-tipped darts
 v - 7 curare-tipped darts
Armour
 a - a +0 robe (worn)
 g - the +1 hat of Privacy {rCorr Str-5 Dex+3}
   (You acquired it on level 3 of the Dungeon)

   Str:       It affects your strength (-5).
   Dex:       It affects your dexterity (+3).
   rCorr:     It protects you from acid and corrosion.
 i - a scarf of shadows
Jewellery
 e - a ring of ice
Wands
 k - a wand of acid (7)
Scrolls
 h - a scroll of immolation {unknown}
 n - a scroll of enchant weapon {unknown}
 o - 2 scrolls of amnesia
Potions
 b - 4 potions of attraction {unknown}
 c - a potion of flight {unknown}
 d - a potion of might {unknown}
 f - a potion of berserk rage
 l - a potion of curing
 m - a potion of resistance
 q - a potion of magic


   Skills:
 - Level 2.0 Fighting
 - Level 3.0 Dodging
 - Level 3.0 Stealth
 - Level 4.0 Spellcasting
 + Level 4.6 Conjurations
 * Level 7.9 Fire Magic
 + Level 2.8 Invocations


You had 6 spell levels left.
You knew the following spells:

 Your Spells              Type           Power      Damage    Failure   Level
a - Foxfire               Conj/Fire      100%       2x1d9     1%          1
b - Conjure Flame         Conj/Fire      26%        6-21      3%          3
c - Fireball              Conj/Fire      13%        3d7       30%         5

Your spell library contained the following spells:

 Spells                   Type           Power      Damage    Failure   Level
 Shock                    Conj/Air       44%        1d5       6%          1
 Inner Flame              Hex/Fire       17%        N/A       9%          3
 Sticky Flame             Conj/Fire      26%        2d5       11%         4
 Slow                     Hex            3%         N/A       22%         2
 Confusing Touch          Hex            3%         N/A       41%         3
 Vampiric Draining        Necr           1%         2d6       41%         3


Dungeon Overview and Level Annotations

Branches:
Dungeon (5/15)             Temple (0/1) D:5

Altars:
Cheibriados
Fedhas
Hepliaklqana
Makhleb
Okawaru
Sif Muna
Trog
Uskayaw
Yredelemnul

Shops:
D:1 ?


Innate Abilities, Weirdness & Mutations

You have a beak for a mouth.
You have claws for feet.
Your magical nature lets you fly swiftly and evasively.


Message History

Blink to where?
Press: ? - help, Dir - move target
As you read the scroll labelled POVUH ANOB, it crumbles to dust.
It was a scroll of blinking.
A centaur comes into view.
The centaur shouts!
The centaur wields a +0 shortbow.
The centaur shoots an arrow.
The arrow hits you!
Unknown command.
As you read the scroll labelled RUIPED QADEXA, it crumbles to dust.
Magic quickly surges around you.
It was a scroll of vulnerability.
The centaur shoots an arrow.
The arrow hits you!
The centaur shoots an arrow.
The arrow hits you!
* * * LOW HITPOINT WARNING * * *
A kobold comes into view. It is wielding a +0 whip.
Unknown command.
Unknown command.
Unknown command.
Unknown command.
You fade into invisibility!
The centaur shoots an arrow.
The arrow closely misses you. The yak barely misses you.
A kobold comes into view. It is wielding a +0 club.
You are very lightly contaminated with residual magic.
Unknown command.
The centaur shoots an arrow. x2
The centaur shoots an arrow.
Found 15 gold pieces.
The centaur shoots an arrow.
The arrow barely misses you.
A centaur comes into view.
The centaur shoots an arrow.
The arrow misses the killer bee.
The arrow hits you.
* * * LOW HITPOINT WARNING * * *
Found a chain mail.
Found a stone staircase leading up.
The killer bee closely misses you. The killer bee barely misses you.
The killer bee completely misses you. The killer bee stings you!
You die...

....#.....#.........
#........#...#....##
#
###..?......#....$#.#
#......#....##......
###..###............
#........y..y.....
#.................
#$..##y.####......
#####..@# ..y...
#........<.....y..
...............y.y
#........#.#......
#......##### #....
#........ #........
######.


You could see 2 killer bees.

Vanquished Creatures
  Eustachio (D:4)
  4 ogres
  A centaur (D:5)
  A kobold brigand (D:5)
  A bullfrog (D:4)
  A water moccasin zombie (D:5)
  A hound (D:4)
  A jelly (D:5)
  A centaur skeleton (D:5)
  Terence (D:2)
  3 iguanas
  A hound zombie (D:5)
  8 gnolls
  6 adders
  A white imp (D:3)
  2 ufetubi (D:5)
  An adder skeleton (D:4)
  3 worms
  A dart slug (D:2)
  2 orcs
  4 bats
  3 endoplasms
  2 giant cockroaches
  6 goblins
  6 hobgoblins
  9 jackals
  11 kobolds
  4 ball pythons (D:1)
  A frilled lizard (D:1)
  5 rats
92 creatures vanquished.

Vanquished Creatures (others)
  613 foxfires
613 creatures vanquished.

Grand Total: 705 creatures vanquished

Notes
Turn   | Place    | Note
-------+----------+-------------------------------------------
     0 | D:1      | quinnr the Tengu Fire Elementalist began the quest for the
                  | Orb.
     0 | D:1      | Reached XP level 1. HP: 10/10 MP: 4/4
   413 | D:1      | Reached XP level 2. HP: 11/15 MP: 3/6
   554 | D:1      | Reached skill level 4 in Fire Magic
  1004 | D:1      | Found Ysuus's Magic Scroll Shoppe.
  1360 | D:1      | Reached XP level 3. HP: 19/19 MP: 4/7
  2155 | D:2      | Noticed Terence
  2164 | D:2      | Killed Terence
  2165 | D:2      | Reached skill level 5 in Fire Magic
  2165 | D:2      | Reached XP level 4. HP: 24/24 MP: 0/8
  2661 | D:2      | Learned a level 3 spell: Conjure Flame
  2941 | D:2      | Found a faded altar of an unknown god.
  3060 | D:2      | Gained mutation: Your magical nature lets you fly swiftly
                  | and evasively. [Tengu growth]
  3060 | D:2      | Reached XP level 5. HP: 28/28 MP: 7/10
  3970 | D:3      | Found a shimmering blue altar of Sif Muna.
  3977 | D:3      | Got Sif Muna's Catalogue of Air
  3979 | D:3      | Became a worshipper of Sif Muna the Loreminder
  4034 | D:3      | Found a bloodstained altar of Trog.
  4044 | D:3      | Learned a level 5 spell: Fireball
  4165 | D:3      | Found a hazy altar of Hepliaklqana.
  4165 | D:3      | Found a blossoming altar of Fedhas.
  4250 | D:3      | Found a burning altar of Makhleb.
  4255 | D:3      | Found a snail-covered altar of Cheibriados.
  4258 | D:3      | Noticed an ogre
  4326 | D:3      | Identified a scroll of acquirement
  4326 | D:3      | Acquired the +1 hat of Privacy {rCorr Str-5 Dex+3}
  4425 | D:3      | Found a basalt altar of Yredelemnul.
  4425 | D:3      | Found a hide-covered altar of Uskayaw.
  4425 | D:3      | Found an iron altar of Okawaru.
  4848 | D:4      | Reached skill level 6 in Fire Magic
  4848 | D:4      | Reached XP level 6. HP: 33/33 MP: 1/11
  5505 | D:4      | Reached skill level 1 in Fighting
  5505 | D:4      | Reached skill level 1 in Invocations
  5997 | D:4      | Noticed Eustachio
  6006 | D:4      | Killed Eustachio
  6007 | D:4      | Reached XP level 7. HP: 38/38 MP: 4/13
  6260 | D:3      | Found a hazy altar of Hepliaklqana.
  6375 | D:5      | Entered Level 5 of the Dungeon
  6521 | D:5      | Reached skill level 7 in Fire Magic
  6567 | D:5      | Reached XP level 8. HP: 44/44 MP: 5/14
  6721 | D:5      | Reached * piety under Sif Muna
  7344 | D:5      | Found a staircase to the Ecumenical Temple.
  7986 | D:5      | You are sucked into a shaft and drop 3 floors!
  7986 | D:8      | Noticed a yak
  7986 | D:8      | Noticed a yak
  7986 | D:8      | Noticed a yak
  7987 | D:8      | Noticed a yak
  8001 | D:8      | Slain by a killer bee

Illustrated notes

Levels and vault maps discovered:
D:1:      dpeg_arrival_orchard, layout_loops_ring, serial_shops,
          nicolae_diamond_shop, serial_park_tiny_1
D:2:      layout_loops_corners, chequers_ecumenical_altar_simple_redux,
          nicolae_underground_beach, uniq_terence
D:3:      layout_loops_cross, nzn_overflow_gifts_of_might_and_magic, minitemple,
          chequers_temple_overflow_statue_of_worship
D:4:      layout_rooms, roderic_serpentine_path, chequers_serial_rivers_room_b,
          uniq_crazy_yiuf_cottage, uniq_eustachio
D:5:      layout_layer_cave, minmay_temple_entry_poolview, st_stairs_5
D:8:      layout_cave_pools, enter_bailey_5, gammafunk_ghost_necromancy

Skill      XL: |  1  2  3  4  5  6  7  8 |
---------------+-------------------------+-----
Fire Magic     | 4 5 6 7 |  7.9
Spellcasting   | 3 4 |  4.0
Conjurations   | 2 3 4 |  4.6
Fighting       | 1 2 |  2.0
Invocations    | 1 2 |  2.8
Dodging        | 3 |  3.0
Stealth        | 3 |  3.0

Action                   |  1- 3 |  4- 6 |  7- 9 || total
-------------------------+-------+-------+-------++-------
Melee: Unarmed           |     6 |     1 |     1 ||     8
       Kick              |     1 |       |     1 ||     2
 Cast: Foxfire           |   106 |   177 |    97 ||   380
       Conjure Flame     |       |     3 |     2 ||     5
  Use: Scroll            |       |     5 |     5 ||    10
       Potion            |       |       |     1 ||     1
 Stab: Sleeping          |     1 |       |       ||     1
Armor: Robe              |     6 |     1 |       ||     7
Dodge: Dodged            |    15 |    14 |    16 ||    45

Table legend: (Time is in decaauts)
 A = Elapsed time spent in this place.
 B = Non-inter-level travel time spent in this place.
 C = Inter-level travel time spent in this place.
 D = Time resting spent in this place.
 E = Time spent auto-exploring this place.
 F = Levels seen in this place.
 G = Mean time per level.
                   A        B        C        D        E       F      G
               +--------+--------+--------+--------+--------+-----+--------+
         Total |   7724 |   7324 |    400 |    566 |   5836 |   6 | 1287.3 |
       Dungeon |   7724 |   7324 |    400 |    566 |   5836 |   6 | 1287.3 |
               +--------+--------+--------+--------+--------+-----+--------+

Top non-repeatable levels by time:
     D:1: 1877 daAuts
     D:2: 1752 daAuts
     D:4: 1593 daAuts
     D:3: 1244 daAuts
     D:5: 1244 daAuts
     D:8: 13 daAuts
